 Dungeon Crawl Stone Soup version 0.17-a0-1701-gf693a3f (console) character file.

2593 Monkaria the Covert (level 9, -5/38 HPs)
             Began as a Felid Chaos Knight on Aug 21, 2015.
             Slain by a yak (17 damage)
             ... on level 10 of the Dungeon.
             The game lasted 00:17:58 (10894 turns).

Monkaria the Covert (Felid Chaos Knight)           Turns: 10894, Time: 00:17:58

Health: -5/38      AC:  3    Str: 11    XL:     9   Next: 33%
Magic:  10/10      EV: 21    Int: 17    God:    Xom [.....*]
Gold:   334        SH:  0    Dex: 20    Spells: 0 memorised, 8 levels left
                                        Lives:  0   Deaths: 2

rFire  + . .     SeeInvis +       - Unarmed
rCold  . . .     Rnd*Rage +     (armour unavailable)
rNeg   . . .     SustAt   .     (shield unavailable)
rPois  .         Gourm    .     (helmet unavailable)
rElec  .         Spirit   .     (cloak unavailable)
rCorr  +         Warding  .     (gloves unavailable)
rMut   .         Stasis   .     (boots unavailable)
MR     +....                    u - amulet of Immorality {rCorr rF+ Dex+4}
Stlth  +++++++...               B - ring of flight
                                q - +1 ring of protection

@: quick, somewhat resistant to hostile enchantments, extremely stealthy
A: no armour, no weapons or thrown items, claws 1, fangs 3, horns 1, see
invisible, berserk 1, carnivore 3, clever 2, speed 1, frail 1, shaggy fur 2,
slow metabolism 1, sharp paws
a: Renounce Religion, Evoke Flight


You were on level 10 of the Dungeon.
You worshipped Xom.
You were Xom's teddy bear.
You were completely stuffed.

You visited 2 branches of the dungeon, and saw 11 of its levels.
You also visited: Sewer.

You collected 334 gold pieces.

Inventory:

Jewellery
 o - an uncursed ring of teleportation
 q - a +1 ring of protection (left paw)
 u - the amulet of Immorality (around neck) {rCorr rF+ Dex+4}
   (You found it on level 5 of the Dungeon)

   [amulet of resist corrosion]

   It protects you from acid and corrosion.
   It affects your dexterity (+4).
   It protects you from fire.
 B - a ring of flight (right paw)
 H - an uncursed ring of ice
Magical devices
 c - a wand of random effects (0)
 n - a wand of teleportation (2)
 C - a wand of lightning (0)
 E - a wand of slowing (12)
 I - a wand of digging (11)
 J - a wand of cold (8)
 K - a wand of hasting (5)
 L - a wand of draining (2)
Scrolls
 e - a scroll of teleportation
 g - a scroll of random uselessness {unknown}
 k - a scroll of remove curse
 p - 3 scrolls of enchant armour
 r - 4 scrolls of amnesia {unknown}
 v - 3 scrolls of blinking {unknown}
 w - a scroll of fear {unknown}
 x - a scroll of magic mapping {unknown}
 y - a scroll of fog {unknown}
 A - a scroll of immolation {unknown}
 G - a scroll of identify
Potions
 b - a potion of invisibility
 d - 2 potions of resistance
 h - a potion of flight
 l - a potion of ambrosia
 m - 3 potions of haste {unknown}
 s - 2 potions of magic {unknown}
 t - 2 potions of brilliance {unknown}
 z - 2 potions of poison {unknown}
 F - a potion of mutation {unknown}
Books
 i - an Akashic Record

   Spells                             Type                      Level
   a - Dispersal                      Translocation                6
   b - Controlled Blink               Translocation                7
   c - Malign Gateway                 Summoning/Translocation      7
   d - Disjunction                    Translocation                8
 D - a book of Conjurations

   Spells                             Type                      Level
   a - Magic Dart                     Conjuration                  1
   b - Searing Ray                    Conjuration                  2
   c - Dazzling Spray                 Conjuration/Hexes            3
   d - Fulminant Prism                Conjuration/Hexes            4
   e - Iskenderun's Mystic Blast      Conjuration                  4
   f - Iskenderun's Battlesphere      Conjuration/Charms           5
Comestibles
 a - 5 meat rations
 f - 2 beef jerkies


   Skills:
 - Level 7.6 Fighting
 - Level 5.0 Dodging
 + Level 14.3 Stealth
 - Level 7.0 Unarmed Combat


You had 8 spell levels left.
You didn't know any spells.

Dungeon Overview and Level Annotations

Branches:
Dungeon (11/15)            Temple (1/1) D:5
   Lair: D:8-11         Orc: D:9-12

Altars:
Cheibriados
Dithmenos
Fedhas
Kikubaaqudgha
Makhleb
Okawaru
Ru
Sif Muna
Trog
Xom
Yredelemnul
Zin
The Shining One

Shops:
D:7 [(%}[

Annotations:
D:11 Fv001's ghost, experienced GrFi


Innate Abilities, Weirdness & Mutations

You cannot wear armour.
You are incapable of wielding weapons or throwing items.
You have sharp claws.
You have razor-sharp teeth.
You have supernaturally acute eyesight.
You are carnivorous and can eat meat at any time.
You cover ground quickly.
You are covered in thick fur (AC +2).
You have a slow metabolism.
Your sharp claws are effective at attacking unaware monsters.
You have a pair of small horns on your head.
You tend to lose your temper in combat.
Your mind is very acute. (Int +4)
You are frail (-10% HP).


Message History

You claw the yak! Your headbutt misses the yak. You bite the yak.
The yak is severely wounded.
The yak completely misses you.
You scratch the yak but do no damage. Your bite misses the yak.
The yak is severely wounded.
The yak completely misses you.
You scratch the yak.
The yak is severely wounded.
The yak gores you!
* * * LOW HITPOINT WARNING * * *
You barely miss the yak. You bite the yak.
The yak is severely wounded.
The yak completely misses you.
Evoke which item? (* to show all) (? for menu, Esc to quit)
This wand has no charges.
Xom rains down devastation!
The fireball engulfs the yak. x2
The yak gores you!
You die...
Xom chortles!

#...YY.W†.......#.....###
#.#
#.###############.#######
#.#### #Y#
############.#######
#..... #.#
############.#######
###### #Y#
############[####### #.#
############.####### #.#
############.#######
#Y###############.#######
#.Y..§.....Y.YY@..#######
#########################
####################
####################
####################
####################


You could see 3 yaks.

Vanquished Creatures
  Sigmund (D:2)
  A deep elf mage (D:11)
  2 yaks (D:10)
  A wolf (D:11)
  An orc warrior (D:7)
  A swamp drake (D:7)
  A necrophage (D:6)
  An eye of draining (D:8)
  2 phantoms
  A centaur (D:10)
  2 ogres
  5 giant frogs
  3 scorpions
  4 killer bees (D:11)
  A crimson imp (D:7)
  2 jellies
  3 giant frog skeletons
  2 giant frog zombies (D:5)
  Crazy Yiuf (D:6)
  5 orc priests
  Ijyb (D:2)
  2 centaur skeletons
  4 hounds
  A gnoll shaman (D:4)
  5 orc wizards
  9 worker ants
  A worker ant zombie (D:5)
  16 adders
  7 gnolls
  A shadow imp (D:5)
  2 oozes
  An adder skeleton (D:4)
  3 worms (D:2)
  12 giant geckos
  21 orcs
  3 ball pythons
  7 bats
  9 giant cockroaches
  10 goblins
  8 hobgoblins
  12 jackals
  6 kobolds
  2 giant gecko skeletons
  A giant gecko zombie (D:5)
  11 giant newts
  16 rats
211 creatures vanquished.

Vanquished Creatures (collateral kills)
  Menkaure (D:7)
  An orc warrior (D:6)
  A gnoll sergeant (D:5)
  A hound (D:6)
  2 orc wizards (D:6)
  2 gnolls (D:5)
  2 orcs (D:6)
10 creatures vanquished.

Grand Total: 221 creatures vanquished

Notes
Turn   | Place    | Note
--------------------------------------------------------------
     0 | D:1      | Monkaria the Felid Chaos Knight began the quest for the Orb.
     0 | D:1      | Reached XP level 1. HP: 10/10 MP: 2/2
    94 | D:1      | Reached XP level 2. HP: 2/14 MP: 3/3
   449 | D:1      | XOM: silly message
   559 | D:1      | Reached skill level 4 in Unarmed Combat
  1260 | D:1      | XOM is BORED!
  1260 | D:1      | XOM: medium Ice miscast
  1263 | D:1      | Reached XP level 3. HP: 2/17 MP: 4/4
  1546 | D:1      | XOM: divination: detect creatures
  1768 | D:2      | XOM: butterfly on damage
  2221 | D:2      | XOM: mild Conj miscast
  2495 | D:2      | Noticed Ijyb
  2559 | D:2      | XOM: divination: detect items
  2563 | D:2      | XOM: noise
  2568 | D:2      | Killed Ijyb
  2568 | D:2      | Reached skill level 5 in Unarmed Combat
  2568 | D:2      | Reached XP level 4. HP: 1/21 MP: 5/5
  2865 | D:2      | XOM: mild Air miscast
  2886 | D:2      | Noticed Sigmund
  2893 | D:2      | XOM: smoke on damage
  2899 | D:2      | Killed Sigmund
  2899 | D:2      | Reached skill level 6 in Unarmed Combat
  2899 | D:2      | Reached XP level 5. HP: 16/24 MP: 6/6
  2972 | D:2      | Gained mutation: You are covered in thick fur (AC +2). [Felid growth]
  2972 | D:2      | Reached XP level 6. HP: 24/28 MP: 7/7
  3349 | D:2      | XOM: mild Conj miscast
  3443 | D:3      | You fall through a shaft for 2 floors!
  3443 | D:5      | Entered Level 5 of the Dungeon
  3477 | D:5      | Found a burning altar of Makhleb.
  3477 | D:5      | XOM: 1-stop teleportation journey
  3567 | D:5      | XOM: harmless Air miscast
  3623 | D:5      | XOM: 3-stop teleportation journey
  3631 | D:5      | XOM: summons 5 hostile shadow creatures
  3647 | D:5      | XOM: divine lightning (protected)
  3652 | D:5      | XOM: enchant monster (good)
  3659 | D:5      | XOM: polymorph orc -> quokka
  3769 | D:4      | Reached skill level 5 in Dodging
  3793 | D:4      | XOM: fake destruction
  3797 | D:4      | Reached skill level 7 in Unarmed Combat
  3856 | D:4      | XOM: cast spell 'Stoneskin'
  3948 | D:4      | Found a glowing drain.
  3953 | D:4      | XOM: give mutation
  3953 | D:4      | XOM: blink monster(s)
  3976 | Sewer    | Entered a sewer
  4000 | Sewer    | XOM: give mutations
  4000 | Sewer    | Gained mutation: You are dopey. (Int -2) [Xom's mischief]
  4009 | Sewer    | XOM: give mutations
  4009 | Sewer    | Gained mutation: You can spit weak poison. [Xom's mischief]
  4009 | Sewer    | Gained mutation: You have a pair of small horns on your head. [Xom's mischief]
  4009 | Sewer    | Lost mutation: You are dopey. (Int -2) [Xom's mischief]
  4009 | Sewer    | Gained mutation: You tend to lose your temper in combat. [Xom's mischief]
  4375 | Sewer    | XOM: mild Necr miscast
  4496 | D:4      | XOM: summons 4 hostile shadow creatures
  4503 | D:4      | XOM: blink monster(s)
  4503 | D:4      | XOM: butterfly on damage
  4543 | D:4      | XOM: enchant monster (bad)
  4550 | D:4      | Reached XP level 7. HP: 18/31 MP: 8/8
  4566 | D:3      | Found a faded altar to an unknown god.
  4569 | D:3      | XOM: blink monster(s)
  4762 | D:3      | XOM: give mutations
  4762 | D:3      | Gained mutation: You are weak. (Str -2) [Xom's mischief]
  4762 | D:3      | Lost mutation: You are weak. (Str -2) [Xom's mischief]
  4762 | D:3      | Gained mutation: You are frail (-10% HP). [Xom's mischief]
  5389 | D:3      | Reached skill level 5 in Fighting
  5473 | D:3      | XOM: summons 2 hostile demons
  5474 | D:3      | Noticed a red devil
  6082 | D:5      | XOM: cast spell 'Stoneskin'
  6198 | D:5      | Reached XP level 8. HP: 21/35 MP: 9/9
  6202 | D:5      | Got a translucent steel amulet
  6206 | D:5      | XOM: cast spell 'Dispersal'
  6236 | D:5      | XOM: summons friendly white imp
  6329 | D:4      | XOM: scenery: 1 doors close
  6339 | D:4      | XOM: silly message
  6499 | D:5      | Slain by a gnoll
  6500 | D:5      | Reached XP level 7. HP: -3/32 MP: 8/8
  6515 | D:5      | XOM: potion effect (agility)
  6517 | D:5      | XOM: harmless Chrm miscast
  6525 | D:5      | XOM: cast spell 'Monstrous Menagerie'
  6636 | D:5      | Found a staircase to the Ecumenical Temple.
  6667 | Temple   | Entered the Ecumenical Temple
  7075 | D:6      | XOM: summons 7 friendly demons
  7111 | D:6      | XOM: summons 7 friendly demons
  7306 | D:6      | XOM: enchant monster (good)
  7312 | D:6      | XOM: enchant monster (bad)
  7390 | D:5      | XOM: harmless Pois miscast
  7565 | D:6      | XOM: silly message
  7576 | D:6      | Reached skill level 5 in Stealth
  7687 | D:6      | XOM: harmless Trmt miscast
  7693 | D:6      | Found a shadowy altar of Dithmenos.
  7695 | D:6      | Found a deep blue altar of Sif Muna.
  7696 | D:6      | Found a bloodstained altar of Trog.
  7696 | D:6      | Found a basalt altar of Yredelemnul.
  7697 | D:6      | Found a burning altar of Makhleb.
  7704 | D:6      | XOM: divination: detect items
  7708 | D:6      | Reached XP level 8. HP: 21/36 MP: 9/9
  7885 | D:5      | XOM: colour smoke trail
  8411 | D:6      | XOM: 1-stop teleportation journey
  8525 | D:6      | Identified the amulet of Immorality {rCorr rF+ Dex+4} (You found it on level 5 of the Dungeon)
  8548 | D:6      | XOM is BORED!
  8548 | D:6      | XOM: noise
  8591 | D:6      | Noticed Crazy Yiuf
  8597 | D:6      | Killed Crazy Yiuf
  8746 | D:6      | Reached skill level 8 in Stealth
  8823 | D:7      | XOM: summons friendly crimson imp
  8842 | D:7      | Found a sacrificial altar of Ru.
  8916 | D:7      | Found Iptil's Armour Boutique.
  8937 | D:7      | Noticed Menkaure
  8952 | D:7      | Found Sutytuwu's Antique Armour Shop.
  8952 | D:7      | Found Buogawock's Gadget Boutique.
  8952 | D:7      | XOM: 7-stop teleportation journey
  8998 | D:7      | Reached skill level 9 in Stealth
  9023 | D:7      | XOM: summons 8 friendly demons
  9040 | D:7      | Found Sekkoz's Antique Weapon Shoppe.
  9051 | D:7      | Killed Menkaure
  9086 | D:7      | Found Gazox's Food Shop.
  9166 | D:7      | XOM: vitrification
  9322 | D:7      | Reached skill level 10 in Stealth
  9584 | D:7      | Killed from afar by an orc wizard
  9585 | D:7      | Reached XP level 7. HP: 0/32 MP: 8/8
  9637 | D:7      | XOM: harmless Chrm miscast
  9702 | D:8      | Reached XP level 8. HP: 36/36 MP: 2/9
  9746 | D:7      | XOM: polymorph orc warrior -> swamp drake
  9752 | D:7      | Reached skill level 11 in Stealth
  9891 | D:8      | You fall through a shaft for 3 floors!
  9891 | D:11     | Noticed a centaur skeleton
  9894 | D:11     | Killed a centaur skeleton
  9894 | D:11     | Reached skill level 12 in Stealth
  9898 | D:11     | XOM: 5-stop teleportation journey
  9918 | D:11     | XOM: give mutations
  9918 | D:11     | Lost mutation: You can spit weak poison. [Xom's grace]
  9918 | D:11     | Gained mutation: Your mind is acute. (Int +2) [Xom's grace]
  9918 | D:11     | Gained mutation: Your mind is very acute. (Int +4) [Xom's grace]
  9921 | D:11     | Noticed Fv001's ghost (experienced GrFi)
 10161 | D:11     | XOM: enchant monster (bad)
 10173 | D:11     | Reached skill level 13 in Stealth
 10336 | D:11     | XOM: harmless Trmt miscast
 10339 | D:11     | XOM: polymorph killer bee -> wolf
 10345 | D:11     | Reached XP level 9. HP: 16/38 MP: 10/10
 10349 | D:11     | XOM: medium Conj miscast
 10391 | D:11     | XOM: fake destruction
 10402 | D:11     | XOM: medium Ice miscast
 10406 | D:11     | XOM: mild Pois miscast
 10409 | D:10     | Entered Level 10 of the Dungeon
 10570 | D:10     | XOM: mild Ice miscast
 10652 | D:10     | XOM: torment (20/38 hp)
 10714 | D:10     | Reached skill level 14 in Stealth
 10765 | D:10     | XOM: fog
 10773 | D:10     | XOM: vitrification
 10783 | D:10     | XOM: god gift: jewelled shield {god gift}
 10894 | D:10     | XOM: destruction
 10894 | D:10     | Slain by a yak

Vault maps used:
D:1:      evilmike_arrival_crescent
D:2:      wad_river_or_something, first_bread, uniq_sigmund, uniq_iyjb
D:3:      ecumenical_altar_1, st_stairs_10
D:4:      gup_sewer_entry_pipe
D:5:      minmay_temple_entry_overgrown, basic_altar
D:6:      grunt_temple_overflow_open, feat_on_display, uniq_crazy_yiuf_cottage
D:7:      old_standard_altar, serial_shops,
          nicolae_shop_temple_entry_statues_fountains, shop, kennysheep_mini,
          shop_statue, nicolae_shop_window_shopping, uniq_menkaure
D:8:      minmay_overflow_temple_hex, grunt_pizzeria, nicolae_elemental_shop
D:10:     grunt_lair_entry_elf_guard_hut, orc_0_dummy
Temple:   temple_island_7
Sewer:    sewer_co_cracked_pipes

Action                   |  1- 3 |  4- 6 |  7- 9 || total
-------------------------+-------+-------+-------++-------
Melee: Unarmed           |   176 |   182 |   409 ||   767
 Abil: Evoke Teleportati |       |     1 |       ||     1
Evoke: Wand              |       |     1 |     9 ||    10
  Use: Potion            |     3 |     5 |     4 ||    12
       Scroll            |       |     1 |     5 ||     6
 Stab: Sleeping          |     4 |     5 |    17 ||    26
       Distracted        |       |       |     4 ||     4
  Eat: Chunk             |     8 |     7 |    23 ||    38
